 Dungeon Crawl Stone Soup version 0.27.1-34-g3ba077fa99 (webtiles) character file.

Game seed: 10646427339193671854

7628 Atelerd the Thaumaturge (level 11, -4/64 HPs)
             Began as an Octopode Earth Elementalist on Jan 4, 2022.
             Was an Elder of Sif Muna.
             Shot with an arrow by a centaur (7 damage)
             ... on level 9 of the Dungeon.
             The game lasted 00:18:47 (13013 turns).

Atelerd the Thaumaturge (OpEE)                     Turns: 13013, Time: 00:18:47

Health: -4/64      AC:  1    Str:  6    XL:     11   Next: 18%
Magic:  11/24      EV: 16    Int: 27    God:    Sif Muna [****..]
Gold:   383        SH:  5    Dex: 23    Spells: 14/29 levels left

rFire    x . .     SeeInvis +   D - +2 dagger (venom)
rCold    + + .     Faith    .   (no shield)
rNeg     . . .     Spirit   .   (helmet restricted)
rPois    .         Reflect  +   w - amulet of reflection
rElec    .         Harm     .   q - ring of protection from cold
rCorr    .         Rampage  .   k - +6 ring of dexterity
Will     .....                  y - +6 ring of intelligence
Stlth    +++++.....             C - ring of Prescription {Ice Str-2 Dex+5 SInv}
HPRegen  0.20/turn              (no ring)
MPRegen  0.19/turn              (no ring)
                                (no ring)
                                (no ring)

@: flying
A: almost no armour, amphibious, 8 rings, camouflage 1, gelatinous body 1,
(nimble swimmer 1), tentacles, sense surroundings 1
a: Renounce Religion, Channel Magic, Forget Spell, Divine Exegesis


You were on level 9 of the Dungeon.
You worshipped Sif Muna.
Sif Muna was greatly pleased with you.
You visited 1 branch of the dungeon, and saw 9 of its levels.

You collected 383 gold pieces.

Inventory:

Hand Weapons
 d - a +0 short sword of freezing
 D - a +2 dagger of venom (weapon)
 E - a +4 falchion
Missiles
 b - 29 stones
Jewellery
 k - a +6 ring of dexterity (right tentacle)
 q - a ring of protection from cold (left tentacle)
 w - an amulet of reflection (around mantle)
 y - a +6 ring of intelligence (on tentacle)
 C - the ring of Prescription (on tentacle) {Ice Str-2 Dex+5 SInv}
   (You found it on level 8 of the Dungeon)

   [ring of ice]

   It enhances your ice magic.
   Str:       It affects your strength (-2).
   Dex:       It affects your dexterity (+5).
   rF:        It makes you vulnerable to fire.
   rC:        It protects you from cold.
   SInv:      It lets you see invisible.
Wands
 h - a wand of acid (5)
 r - a wand of flame (10)
 x - a wand of mindburst (10)
 z - a wand of paralysis (10)
Scrolls
 c - a scroll of immolation {unknown}
 g - 3 scrolls of teleportation {unknown}
 j - 2 scrolls of vulnerability
 l - a scroll of magic mapping
 m - a scroll of enchant weapon {unknown}
 n - a scroll of amnesia {unknown}
 p - a scroll of acquirement {unknown}
 s - a scroll of noise {unknown}
 t - a scroll of summoning {unknown}
Potions
 a - a potion of might {unknown}
 e - a potion of cancellation {unknown}
 f - 2 potions of flight
 o - 2 potions of ambrosia {unknown}
 u - a potion of haste
 v - 2 potions of curing
 A - 2 potions of resistance {unknown}
 B - 2 potions of attraction {unknown}
 F - a potion of berserk rage {unknown}


   Skills:
 - Level 2.0 Fighting
 - Level 2.0 Short Blades
 - Level 5.0 Dodging
 - Level 7.0 Stealth
 + Level 9.6 Spellcasting
 + Level 3.5 Conjurations
 - Level 3.3 Transmutations
 - Level 2.0 Fire Magic
 - Level 2.0 Air Magic
 - Level 9.0 Earth Magic
 * Level 5.1 Invocations
 - Level 1.0 Evocations


You had 14 spell levels left.
You knew the following spells:

 Your Spells              Type           Power      Damage    Failure   Level
a - Sandblast             Erth           100%       2d20      1%          1
f - Fireball              Conj/Fire      13%        3d7       36%         5
p - Petrify               Tmut/Erth      46%        N/A       3%          4
s - Swiftness             Air            23%        N/A       6%          3
w - Passwall              Tmut/Erth      38%        N/A       1%          2

Your spell library contained the following spells:

 Spells                   Type           Power      Damage    Failure   Level
 Stone Arrow              Conj/Erth      92%        3d12      1%          3
 Conjure Flame            Conj/Fire      27%        6-21      4%          3
 Ignite Poison            Fire/Tmut/Pois 22%        N/A       6%          3
 Sticky Flame             Conj/Fire      27%        2d5       14%         4
 Starburst                Conj/Fire      13%        6d6       91%         6
 Invisibility             Hex            6%         N/A       100%        6
 Ignition                 Fire           11%        3d5       100%        8


Dungeon Overview and Level Annotations

Branches:
Dungeon (9/15)             Temple (0/1) D:6             Orc (0/2) D:9
   Lair: D:8-11

Altars:
Ashenzari
Elyvilon
Fedhas
Gozag
Hepliaklqana
Makhleb
Nemelex Xobeh
Ru
Sif Muna
Trog
Uskayaw
Yredelemnul

Shops:
D:1 [   D:5 (   D:8 [

Annotations:
D:2 exclusion: downstairs
D:7 2 transporters, brob1's ghost, novice DjFE
D:8 exclusion: downstairs


Innate Abilities, Weirdness & Mutations

You cannot wear most types of armour.
You are amphibious.
You can wear up to eight rings at the same time.
Your skin changes colour to match your surroundings (Stealth+).
Your rubbery body absorbs attacks. (AC +1, EV +1)
((You are camouflaged near water. (Stealth+)))
You have tentacles for arms and can constrict up to eight enemies at once.
You passively map a small area around you.


Message History

The centaur shoots an arrow.
The arrow closely misses you.
The centaur shoots an arrow.
The arrow misses you.
The centaur shoots an arrow.
The arrow closely misses you.
The centaur shoots an arrow.
You reflect the arrow off an invisible shield around you!
The arrow hits the centaur!
The centaur unwields a +0 shortbow.
The centaur wields a +0 short sword.
The centaur hits you with a +0 short sword.
* * * LOW HITPOINT WARNING * * *
The centaur kicks you but does no damage.
Casting: Petrify (dangerous; 3% risk of failure)
Confirm with . or Enter, or press ? or * to list all spells.
Aiming: Sandblast (safe; 1% risk of failure)
Press: ? - help, Shift-Dir - straight line, f - centaur, p - yak
Aim: a centaur, wielding a +0 short sword, wearing a +4 ring of protection and quivering arrows (heavily wounded, 90% to hit)
The blast of sand misses the centaur.
The centaur hits you but does no damage.
The centaur barely misses you.
Okay, then.
You feel better. You block the centaur's attack. The centaur barely misses you.
The yak misses you.
Okay, then.
It was a potion of flight.
You feel very buoyant.
You fly up into the air.
The centaur hits you with a +0 short sword.
* * * LOW HITPOINT WARNING * * *
The centaur kicks you.
* * * LOW HITPOINT WARNING * * *
The yak gores you!
* * * LOW HITPOINT WARNING * * *
The centaur completely misses you. The centaur kicks you.
* * * LOW HITPOINT WARNING * * *
Unknown command.
Blink to where?
Press: ? - help, Dir - move target, p - centaur
As you read the scroll of blinking, it crumbles to dust.
The centaur unwields a +0 short sword.
The centaur wields a +0 shortbow.
The centaur shoots an arrow.
The arrow hits you!
You die...

......................#####...##
....................[#######..#
...................)..#####...# #
.......................###.....##
......#.................#.#####..
.....###..................#......
....#####.................#......
...#######................#......
#...#####.......@#...............
#....###........###........8.....
#.....#........#####.............
..............#######.....#......
...............#####......#......
......(....YY...###.....###......
.........c.......#.....## #####..
.......................# #....#
..........ยง............##
##...##


You could see 2 yaks and a centaur.

Vanquished Creatures
  2 two-headed ogres (D:9)
  Joseph (D:7)
  Maggie (D:6)
  A troll (D:9)
  Sigmund (D:2)
  2 shadows (D:9)
  Eustachio (D:6)
  3 yaks (D:9)
  A vampire (D:9)
  2 steam dragons
  2 water moccasins
  An ice beast (D:8)
  3 orc warriors
  A necrophage (D:6)
  3 black bears
  4 ogres (D:6)
  3 centaurs
  3 phantoms
  A gnoll sergeant (D:9)
  A bullfrog (D:6)
  2 kobold brigands
  A water moccasin zombie (D:5)
  2 scorpions (D:5)
  2 water moccasin skeletons
  3 troll zombies (D:9)
  6 killer bees (D:9)
  7 wights
  A bullfrog zombie (D:4)
  2 hounds
  A centaur skeleton (D:5)
  4 centaur zombies
  3 orc priests
  2 bullfrog skeletons
  Terence (D:3)
  6 orc wizards
  5 ogre zombies (D:9)
  2 hound skeletons
  A hound zombie (D:5)
  Robin (D:2)
  12 gnolls
  3 howler monkey skeletons
  10 adders
  A shadow imp (D:6)
  A white imp (D:8)
  A worm (D:3)
  4 dart slugs
  27 orcs
  6 endoplasms
  6 giant cockroaches
  14 goblins
  14 hobgoblins
  7 jackals
  3 quokkas
  5 ball pythons
  6 bats
  2 frilled lizards (D:1)
  3 hobgoblin skeletons (D:9)
  3 hobgoblin zombies (D:9)
  18 kobolds
  2 orc skeletons (D:9)
  17 orc zombies (D:9)
  3 rats
257 creatures vanquished.

Vanquished Creatures (others)
  A plant (D:5)
1 creature vanquished.

Grand Total: 258 creatures vanquished

Notes
Turn   | Place    | Note
-------+----------+-------------------------------------------
     0 | D:1      | Atelerd the Octopode Earth Elementalist began the quest for
                  | the Orb.
     0 | D:1      | Reached XP level 1. HP: 11/11 MP: 3/3
   370 | D:1      | Reached XP level 2. HP: 17/17 MP: 0/5
   710 | D:1      | Reached XP level 3. HP: 13/21 MP: 2/6
  1070 | D:1      | Found Vekaxoil's Armour Shop.
  1081 | D:1      | Found a faded altar of an unknown god.
  1689 | D:2      | Noticed Robin
  1701 | D:2      | Reached XP level 4. HP: 25/27 MP: 1/7
  1739 | D:2      | Killed Robin
  1868 | D:2      | Noticed Sigmund
  1873 | D:2      | Killed Sigmund
  1874 | D:2      | Reached skill level 5 in Stealth
  1874 | D:2      | Reached XP level 5. HP: 23/31 MP: 4/9
  1874 | D:2      | Reached XP level 6. HP: 27/36 MP: 4/10
  2098 | D:2      | Learned a level 4 spell: Petrify
  3086 | D:3      | Found a shimmering blue altar of Sif Muna.
  3144 | D:3      | Became a worshipper of Sif Muna the Loreminder
  3152 | D:3      | Found a hide-covered altar of Uskayaw.
  3250 | D:3      | Found a broken altar of Ashenzari.
  3389 | D:3      | Noticed Terence
  3396 | D:3      | Killed Terence
  3397 | D:3      | Reached XP level 7. HP: 30/41 MP: 10/12
  5453 | D:4      | Learned a level 3 spell: Swiftness
  5460 | D:4      | Found a sparkling altar of Nemelex Xobeh.
  5567 | D:5      | Entered Level 5 of the Dungeon
  5630 | D:5      | Found Jible's Hydra Hut.
  5635 | D:5      | Noticed a four-headed hydra
  5650 | D:5      | Reached skill level 5 in Earth Magic
  5792 | D:5      | Found a basalt altar of Yredelemnul.
  5869 | D:5      | Found a bloodstained altar of Trog.
  5985 | D:5      | Gained mutation: You sometimes lose the ability to read
                  | scrolls when taking damage. [potion of mutation]
  5985 | D:5      | Gained mutation: Your body sometimes deteriorates upon
                  | taking damage. [potion of mutation]
  5985 | D:5      | Gained mutation: You have an increased reservoir of magic.
                  | (+10% MP) [potion of mutation]
  5989 | D:5      | Reached skill level 1 in Air Magic
  6192 | D:5      | Lost mutation: Your body sometimes deteriorates upon taking
                  | damage. [potion of mutation]
  6192 | D:5      | Lost mutation: You sometimes lose the ability to read
                  | scrolls when taking damage. [potion of mutation]
  6192 | D:5      | Gained mutation: You passively map a small area around you.
                  | [potion of mutation]
  6192 | D:5      | Lost mutation: You have an increased reservoir of magic.
                  | (+10% MP) [potion of mutation]
  6457 | D:5      | Reached * piety under Sif Muna
  6770 | D:5      | Reached XP level 8. HP: 46/46 MP: 12/15
  7031 | D:5      | Found a hazy altar of Hepliaklqana.
  7048 | D:5      | Reached skill level 5 in Spellcasting
  7092 | D:5      | Found a blossoming altar of Fedhas.
  7328 | D:5      | Found a white marble altar of Elyvilon.
  7657 | D:6      | Noticed Eustachio
  7691 | D:6      | Killed Eustachio
  8011 | D:6      | Found a staircase to the Ecumenical Temple.
  8429 | D:6      | Noticed Maggie
  8453 | D:6      | Killed Maggie
  8454 | D:6      | Reached XP level 9. HP: 51/51 MP: 7/18
  8614 | D:6      | Learned a level 2 spell: Passwall
  8739 | D:6      | Reached ** piety under Sif Muna
  9208 | D:7      | Learned a level 5 spell: Fireball
  9261 | D:7      | Found an opulent altar of Gozag.
  9493 | D:7      | Reached skill level 1 in Fighting
  9493 | D:7      | Reached skill level 1 in Invocations
  9493 | D:7      | Reached skill level 1 in Evocations
  9770 | D:7      | Found a sacrificial altar of Ru.
  9881 | D:7      | Found a transporter.
  9892 | D:7      | Noticed Joseph
  9895 | D:7      | Noticed an ancient zyme
  9908 | D:7      | Killed Joseph
  9909 | D:7      | Reached XP level 10. HP: 60/60 MP: 18/21
  9949 | D:7      | Found a transporter.
 10050 | D:7      | Noticed brob1's ghost (novice DjFE)
 10170 | D:8      | Reached skill level 1 in Conjurations
 10195 | D:8      | Reached skill level 1 in Fire Magic
 10633 | D:8      | Found Qeiwnawu's Armour Emporium.
 11262 | D:8      | Found a burning altar of Makhleb.
 11310 | D:8      | Identified the ring of Prescription {Ice Str-2 Dex+5 SInv}
 11644 | D:9      | Reached *** piety under Sif Muna
 11661 | D:9      | Noticed a two-headed ogre
 11673 | D:9      | Killed a two-headed ogre
 11725 | D:9      | Reached skill level 5 in Dodging
 11744 | D:9      | Noticed a two-headed ogre
 11756 | D:9      | Killed a two-headed ogre
 11986 | D:9      | Reached XP level 11. HP: 48/64 MP: 6/24
 12202 | D:9      | Found a staircase to the Orcish Mines.
 12224 | D:9      | Reached **** piety under Sif Muna
 12922 | D:9      | Reached skill level 5 in Invocations
 13011 | D:9      | HP: 2/64 [centaur (2)]
 13013 | D:9      | Shot with an arrow by a centaur

Illustrated notes

Levels and vault maps discovered:
D:1:      saegor_arrival_simple_d, layout_rooms, serial_co_window_serial,
          co_window_corner_a, co_window_cross_1, co_window_paths_a,
          co_window_paths_b, co_window_corner_a, co_window_unsneaky_path_a,
          co_window_of_opportunity_c, co_window_paths_c,
          co_window_of_opportunity_b, co_window_2corner, co_window_corner_cb,
          glass_columns_c, glass_columns_b, glass_columns_c,
          shapermc_ecumenical_altar_venn, serial_shops, shop_fountains
D:2:      layout_loops_ring, uniq_robin, uniq_sigmund
D:3:      layout_loops_ring, mainiacjoe_overflow_cross_hatched,
          mainiacjoe_overflow_big_doors, uniq_terence
D:4:      layout_basic, nemelex_dance_club_becter
D:5:      layout_layer_cave, kennysheep_ying_yang, fedhas_altar_fruit_tree,
          worldfamousw_hep_ancestral_shrine, mainiacjoe_overflow_paths,
          doesnt_shop_hydraphobe
D:6:      layout_loops_ring, temple_fountains, minmay_joined_circles,
          uniq_maggie, uniq_eustachio
D:7:      layout_rooms, nicolae_ru_the_path_less_chosen,
          mainiacjoe_overflow_concentric_impassable,
          gammafunk_ghost_abyssal_escape, uniq_joseph
D:8:      layout_basic, general_overflow_altar, serial_shops, shop
D:9:      layout_big_octagon, zombieorc2_lemuel, statue_in_the_mist_lemuel,
          minmay_shop_chei, minmay_crystal_room

Skill      XL: |  1  2  3  4  5  6  7  8  9 10 11 |
---------------+----------------------------------+-----
Stealth        | 3 5 6 7 |  7.0
Transmutations | 2 3 |  3.3
Spellcasting   | 3 4 6 7 9 |  9.6
Earth Magic    | 4 5 7 8 9 |  9.0
Air Magic      | 2 |  2.0
Short Blades   | 2 |  2.0
Fighting       | 2 |  2.0
Invocations    | 2 3 5 |  5.1
Evocations     | 1 |  1.0
Dodging        | 3 5 |  5.0
Conjurations   | 2 3 |  3.5
Fire Magic     | 2 |  2.0

Action                   |  1- 3 |  4- 6 |  7- 9 | 10-12 || total
-------------------------+-------+-------+-------+-------++-------
Melee: Unarmed           |     2 |       |       |       ||     2
       Dagger            |    18 |       |    16 |    76 ||   110
       Constrict         |     7 |     9 |    38 |    19 ||    73
       Tentacles         |     3 |     5 |    25 |    22 ||    55
       Short sword       |    19 |    26 |   124 |       ||   169
 Cast: Sandblast         |    31 |    42 |    99 |   113 ||   285
       Petrify           |       |       |    18 |    32 ||    50
Evoke: Wand              |       |       |     8 |       ||     8
  Use: Potion            |       |       |     6 |     2 ||     8
       Scroll            |       |       |     3 |     3 ||     6
 Stab: Sleeping          |     4 |     7 |    14 |     3 ||    28
       Petrified         |       |       |    38 |    37 ||    75
       Petrifying        |       |       |     2 |     5 ||     7
Armor: Skin              |     1 |     2 |     8 |     7 ||    18
Dodge: Dodged            |    44 |    37 |   109 |    71 ||   261
Block: Other             |       |       |     6 |    22 ||    28
       Reflection        |       |       |     2 |     1 ||     3
